 Dungeon Crawl Stone Soup version 0.16-a0-715-g16937c4 (webtiles) character file.

72 PolkaDot the Insei (level 4, -1/33 HPs)
             Began as a Vampire Transmuter on Sept 21, 2014.
             Slain by a gnoll (3 damage)
             ... on Level 3 of the Dungeon.
             The game lasted 00:06:11 (2055 turns).

PolkaDot the Insei (Vampire Transmuter)             Turns: 2055, Time: 00:06:11

HP  -1/33        AC  2     Str  9      XL: 4   Next:  7%
MP   3/7         EV 20     Int 21      God:
Gold 108         SH  0     Dex 19      Spells:  2 memorised,  3 levels left

rFire  . . .     SeeInvis +       - Unarmed
rCold  + . .     Clarity  .     c - melded +0 robe
rNeg   . . .     rCorr    .     (shield currently unavailable)
rPois  x         rRot     .     (helmet currently unavailable)
rElec  .         Spirit   .     (cloak currently unavailable)
SustAb .         Warding  .     (gloves currently unavailable)
rMut   .         Stasis   .     (boots currently unavailable)
Gourm  .                        (no amulet)
MR     .....                    (no ring)
                                i - ring of protection from cold

@: brilliant, spider-form, regenerating quickly, not resistant to hostile
enchantments, unstealthy
A: (fangs 0), see invisible, (unbreathing)
a: End Transformation


You were on level 3 of the Dungeon.
You were full.
You were in spider-form.
You visited 1 branch of the dungeon, and saw 3 of its levels.

You collected 108 gold pieces.

Inventory:

Missiles
 b - 53 arrows
Armour
 c - a +0 robe (melded)
Magical devices
 a - a wand of frost (4)
Scrolls
 e - 4 scrolls of identify {unknown}
 f - 2 scrolls of fog {unknown}
 g - a scroll of remove curse {unknown}
 h - a scroll of teleportation {unknown}
 j - 2 scrolls of enchant weapon {unknown}
 m - a scroll of enchant armour {unknown}
Jewellery
 i - a ring of protection from cold (left front leg)
Books
 d - a book of Changes

   Spells                             Type                      Level
   *Beastly Appendage                 Transmutation                1
   Sticks to Snakes                   Transmutation                2
   *Spider Form                       Transmutation/Poison         3
   Ice Form                           Ice/Transmutation            4
   Blade Hands                        Transmutation                5
 o - a book of Power

   Spells                             Type                      Level
   Fulminant Prism                    Conjuration/Hexes            4
   Iskenderun's Mystic Blast          Conjuration                  4
   Venom Bolt                         Conjuration/Poison           5
   Bolt of Magma                      Conjuration/Fire/Earth       5
   Iron Shot                          Conjuration/Earth            6
   Orb of Destruction                 Conjuration                  7


   Skills:
 - Level 1.6 Fighting
 - Level 2.1 Dodging
 - Level 4.0 Unarmed Combat
 - Level 2.0 Spellcasting
 - Level 2.5 Transmutations
 + Level 2.1 Poison Magic


You had 3 spell levels left.
You knew the following spells:

 Your Spells              Type           Power        Failure   Level  Hunger
a - Beastly Appendage     Trmt           ####..       2%          1    #......
z - Spider Form           Trmt/Pois      ###.......   5%          3    ###....


Dungeon Overview and Level Annotations

Branches:
Dungeon (3/15)

Altars:
Makhleb
Ru
Vehumet


Innate Abilities, Weirdness & Mutations

Your natural rate of healing is unusually fast.
((You have razor-sharp teeth.))
You have supernaturally acute eyesight.
((You can survive without breathing.))


Message History

You turn into a venomous arachnid creature.
Your +0 robe melds into your body.
The gnoll hits you from afar with a spear!
* * * LOW HITPOINT WARNING * * *
The gnoll misses you.
You hit the gnoll.
The gnoll is poisoned.
The gnoll is moderately wounded.
The gnoll misses you.
You hit the gnoll.
The gnoll looks even sicker.
The gnoll is heavily wounded.
The gnoll misses you.
You hit the gnoll.
You kill the gnoll!
Your Poison Magic skill increases to level 2!
You have reached level 4!
The gnoll throws a throwing net.
The throwing net closely misses you.
The gnoll hits you from afar with a spear.
* * * LOW HITPOINT WARNING * * *
The gnoll hits you.
You die...

###### ###### #.##(#
.....# #..s(#
####.#########.##g########
).(.............gg........
####.(..######.##g########
####.# #.#... #.# #.#)...
######.## #.#.....
#.......# #.#......
##.####..#####.########


You could see 2 gnolls and a hobgoblin.

Vanquished Creatures
  A gnoll (D:3)
  An adder (D:3)
  2 worms
  An orc (D:3)
  A ball python (D:1)
  6 bats
  9 goblins
  5 hobgoblins
  4 jackals (D:1)
  A giant gecko (D:2)
  2 giant newts (D:2)
  11 kobolds
  4 rats (D:1)
48 creatures vanquished.

Notes
Turn   | Place    | Note
--------------------------------------------------------------
     0 | D:1      | PolkaDot, the Vampire Transmuter, began the quest for the Orb.
     0 | D:1      | Reached XP level 1. HP: 14/14 MP: 3/3
     2 | D:1      | Learned a level 1 spell: Beastly Appendage
    17 | D:1      | Reached skill level 1 in Fighting
   200 | D:1      | Reached XP level 2. HP: 14/21 MP: 2/4
   529 | D:1      | Reached skill level 4 in Unarmed Combat
   736 | D:1      | Reached XP level 3. HP: 27/27 MP: 6/6
   869 | D:1      | Learned a level 3 spell: Spider Form
  1207 | D:2      | Reached skill level 1 in Poison Magic
  1279 | D:2      | Found a burning altar of Makhleb.
  1279 | D:2      | Found a sacrificial altar of Ru.
  1563 | D:3      | Found a radiant altar of Vehumet.
  2054 | D:3      | Reached XP level 4. HP: 4/33 MP: 3/7
  2055 | D:3      | Slain by a gnoll

Action                   |  1- 3 |  4- 6 || total
-------------------------+-------+-------++-------
Melee: Unarmed           |   132 |       ||   132
 Cast: Beastly Appendage |    11 |       ||    11
       Spider Form       |     1 |       ||     1
  Use: Potion            |     5 |       ||     5
 Stab: Invisible         |     1 |       ||     1
       Sleeping          |     1 |       ||     1
  Eat: Corpse            |    14 |       ||    14
